General information
- name: BNet
- type: Ladder team game (AT/RT)
- host: Battle.net
- saver: Blahsmack
map: Dragonblight
- players: 6
- length: 15:51
- speed: Fast
- version: 1.21 W3XP
- replay type: Public
» download(58 KB)
Players
team 1 (winner)

»
Mauru (
red | 40 APM | 632 actions | 15:43)
5 Death Knight
3 Death Coil
2 Unholy Aura
» actions
| Assign group hotkey | 12 | |
| Basic commands | 11 | |
| Build / train | 45 | |
| ESC pressed | 3 | |
| Enter build submenu | 13 | |
| Enter hero's abilities submenu | 5 | |
| Right click | 253 | |
| Select / deselect | 192 | |
| Select group hotkey | 59 | |
| Use ability | 38 | |
632 total
» units
| Acolyte | 8 | |
| Ghoul | 4 | |
| Crypt Fiend | 4 | |
| Frost Wyrm | 11 | |
27 total
» upgrades
| Freezing Breath | 1 | |
| Creature Attack | 2 | |
| Creature Carapace | 2 | |
5 total
» buildings
| Crypt | 1 | |
| Ziggurat | 9 | |
| Altar of Darkness | 1 | |
| Graveyard | 1 | |
| Nerubian Tower | 1 | |
| Halls of the Dead | 2 | |
| Tomb of Relics | 1 | |
| Black Citadel | 1 | |
| Sacrificial Pit | 1 | |
| Boneyard | 3 | |
21 total
» build order
00:44 Crypt
00:50 Ziggurat
00:54 Altar of Darkness
01:08 Graveyard
02:04 Ziggurat
02:07 Nerubian Tower
03:21 Halls of the Dead
03:28 Ziggurat
05:11 Tomb of Relics
05:51 Black Citadel
06:50 Sacrificial Pit
08:42 Boneyard
08:45 Boneyard
09:18 Ziggurat
09:19 Ziggurat
09:20 Ziggurat
12:45 Boneyard
13:18 Ziggurat
13:20 Ziggurat
13:21 Ziggurat
» items
| Potion of Healing | 1 | |
| Potion of Mana | 1 | |
| Orb of Corruption | 1 | |
3 total
made2kill (
green | 17 APM | 266 actions | 15:43)
2 Shadow Hunter
1 Serpent Ward
1 Hex
» actions
| Basic commands | 11 | |
| Build / train | 40 | |
| Enter build submenu | 12 | |
| Enter hero's abilities submenu | 2 | |
| Right click | 71 | |
| Select / deselect | 115 | |
| Use ability | 15 | |
266 total
» units
| Peon | 4 | |
| Troll Headhunter/Berserker | 29 | |
33 total
» upgrades
» buildings
| Orc Burrow | 7 | |
| Barracks | 2 | |
| Altar of Storms | 1 | |
| War Mill | 1 | |
| Stronghold | 1 | |
12 total
» build order
00:27 Orc Burrow
00:46 Barracks
00:59 Altar of Storms
01:26 Orc Burrow
02:00 War Mill
02:15 Orc Burrow
08:57 Orc Burrow
10:03 Stronghold
10:31 Orc Burrow
11:35 Barracks
14:00 Orc Burrow
15:12 Orc Burrow
Blahsmack (
blue | 38 APM | 608 actions | 15:51)
3 Blood Mage
2 Flame Strike
1 Siphon Mana
» actions
| Basic commands | 29 | |
| Build / train | 86 | |
| Enter build submenu | 20 | |
| Enter hero's abilities submenu | 3 | |
| Right click | 238 | |
| Select / deselect | 151 | |
| Use ability | 81 | |
608 total
» units
» upgrades
» buildings
| Lumber Mill | 1 | |
| Farm | 3 | |
| Scout Tower | 47 | |
| Guard Tower | 53 | |
| Altar of Kings | 1 | |
| Arcane Vault | 2 | |
| Keep | 1 | |
| Castle | 1 | |
| Arcane Sanctum | 1 | |
110 total
» build order
01:11 Lumber Mill
01:22 Farm
01:29 Farm
01:47 Scout Tower
01:48 Scout Tower
01:49 Scout Tower
02:18 Guard Tower
02:36 Guard Tower
02:41 Scout Tower
02:41 Scout Tower
02:53 Scout Tower
03:04 Scout Tower
03:05 Scout Tower
03:06 Scout Tower
03:16 Guard Tower
03:25 Guard Tower
03:36 Guard Tower
03:36 Guard Tower
03:49 Guard Tower
03:55 Scout Tower
03:57 Scout Tower
03:58 Scout Tower
04:03 Scout Tower
04:04 Scout Tower
04:06 Scout Tower
04:16 Guard Tower
04:16 Guard Tower
04:23 Guard Tower
04:32 Guard Tower
04:33 Guard Tower
04:38 Guard Tower
04:39 Guard Tower
04:53 Guard Tower
04:53 Guard Tower
04:59 Guard Tower
04:59 Guard Tower
05:18 Farm
05:24 Guard Tower
05:24 Guard Tower
05:43 Altar of Kings
05:54 Scout Tower
05:56 Scout Tower
05:57 Scout Tower
06:02 Scout Tower
06:03 Scout Tower
06:05 Scout Tower
06:32 Arcane Vault
06:35 Arcane Vault
06:41 Scout Tower
06:43 Scout Tower
06:45 Scout Tower
06:48 Scout Tower
06:50 Scout Tower
06:54 Guard Tower
06:54 Guard Tower
06:54 Guard Tower
07:01 Guard Tower
07:02 Guard Tower
07:02 Guard Tower
07:08 Guard Tower
07:09 Guard Tower
07:09 Guard Tower
07:15 Guard Tower
07:15 Guard Tower
07:21 Scout Tower
07:22 Scout Tower
07:25 Scout Tower
07:28 Scout Tower
07:31 Scout Tower
07:34 Scout Tower
07:36 Scout Tower
07:37 Scout Tower
07:40 Scout Tower
07:47 Guard Tower
07:56 Guard Tower
07:56 Guard Tower
07:57 Guard Tower
08:05 Guard Tower
08:28 Guard Tower
08:28 Guard Tower
09:02 Keep
09:09 Guard Tower
09:09 Guard Tower
09:21 Guard Tower
09:29 Guard Tower
10:26 Guard Tower
11:09 Scout Tower
11:10 Scout Tower
11:16 Scout Tower
11:19 Scout Tower
11:20 Scout Tower
11:20 Scout Tower
11:23 Scout Tower
11:25 Scout Tower
11:28 Scout Tower
11:30 Scout Tower
11:31 Scout Tower
11:32 Scout Tower
12:08 Guard Tower
12:42 Guard Tower
12:46 Guard Tower
13:05 Guard Tower
13:13 Guard Tower
13:29 Castle
13:32 Arcane Sanctum
» items
| Scroll of Regeneration | 2 | |
| Lesser Clarity Potion | 1 | |
| Potion of Healing | 2 | |
| Potion of Mana | 1 | |
6 total
team 2 (loser)

»
Smilesalotpants (
orange | 24 APM | 369 actions | 15:09)
1 Shadow Hunter
1 Healing Wave
» actions
| Assign group hotkey | 4 | |
| Basic commands | 13 | |
| Build / train | 38 | |
| Enter build submenu | 20 | |
| Enter hero's abilities submenu | 1 | |
| Right click | 79 | |
| Select / deselect | 190 | |
| Select group hotkey | 7 | |
| Use ability | 17 | |
369 total
» units
| Peon | 8 | |
| Grunt | 6 | |
| Troll Headhunter/Berserker | 1 | |
| Demolisher | 11 | |
| Spirit Walker | 2 | |
28 total
» upgrades
| Pillage | 1 | |
| Spiked Barricades | 1 | |
| Berserker Strength | 1 | |
| Troll Regeneration | 1 | |
| Spirit Walker Training | 1 | |
| Burning Oil | 1 | |
6 total
» buildings
| Barracks | 2 | |
| Orc Burrow | 8 | |
| Altar of Storms | 1 | |
| War Mill | 1 | |
| Voodoo Lounge | 1 | |
| Stronghold | 1 | |
| Spirit Lodge | 1 | |
| Fortress | 1 | |
| Watch Tower | 1 | |
17 total
» build order
00:27 Barracks
00:42 Orc Burrow
00:57 Altar of Storms
01:44 War Mill
02:08 Voodoo Lounge
02:25 Orc Burrow
03:18 Orc Burrow
03:25 Barracks
04:16 Orc Burrow
04:38 Stronghold
05:17 Orc Burrow
07:27 Orc Burrow
08:10 Spirit Lodge
08:51 Orc Burrow
10:13 Fortress
12:40 Orc Burrow
14:09 Watch Tower
420MiScO (
yellow | 19 APM | 265 actions | 14:12)
2 Shadow Hunter
1 Serpent Ward
1 Healing Wave
» actions
| Build / train | 26 | |
| Enter build submenu | 21 | |
| Enter hero's abilities submenu | 2 | |
| Remove unit from queue | 1 | |
| Right click | 86 | |
| Select / deselect | 101 | |
| Use ability | 28 | |
265 total
» units
» upgrades
» buildings
| Altar of Storms | 1 | |
| Orc Burrow | 7 | |
| Barracks | 1 | |
| War Mill | 1 | |
| Stronghold | 1 | |
| Watch Tower | 8 | |
| Spirit Lodge | 2 | |
21 total
» build order
00:09 Altar of Storms
00:15 Orc Burrow
00:20 Barracks
01:38 War Mill
03:37 Orc Burrow
04:38 Orc Burrow
04:52 Stronghold
05:38 Watch Tower
06:47 Orc Burrow
07:59 Orc Burrow
08:57 Watch Tower
09:03 Watch Tower
10:06 Watch Tower
11:16 Watch Tower
11:22 Watch Tower
11:36 Orc Burrow
12:26 Spirit Lodge
12:58 Watch Tower
13:10 Orc Burrow
13:44 Watch Tower
13:56 Spirit Lodge
holass (
pink | 17 APM | 265 actions | 15:42)
3 Far Seer
2 Feral Spirit
1 Chain Lighting
» actions
| Basic commands | 12 | |
| Build / train | 41 | |
| Enter build submenu | 10 | |
| Enter hero's abilities submenu | 3 | |
| Right click | 71 | |
| Select / deselect | 108 | |
| Use ability | 20 | |
265 total
» units
| Peon | 7 | |
| Troll Headhunter/Berserker | 7 | |
| Demolisher | 12 | |
26 total
» upgrades
| Ranged Weapons | 3 | |
| Armor | 2 | |
| Troll Regeneration | 1 | |
| Burning Oil | 1 | |
| Berserker Upgrade | 1 | |
8 total
» buildings
| Orc Burrow | 5 | |
| Altar of Storms | 1 | |
| War Mill | 1 | |
| Barracks | 1 | |
| Stronghold | 2 | |
| Fortress | 1 | |
11 total
» build order
00:08 Orc Burrow
00:12 Altar of Storms
00:19 War Mill
02:05 Barracks
03:26 Stronghold
03:46 Stronghold
04:40 Orc Burrow
06:57 Orc Burrow
08:14 Fortress
09:58 Orc Burrow
10:57 Orc Burrow
Chat log
(02:22 / All) Blahsmack: lumber gold
(04:36 / Allies) Blahsmack: lum ber gold
(04:42 / Allies) made2kill: got none
(04:49 / Allies) Blahsmack: please red
(05:03 / Allies) made2kill: all i got
(06:08 / Allies) Mauru: dnt get hh
(06:10 / Allies) Mauru: get grunts
(06:12 / Allies) Mauru: hh suck
(06:13 / Allies) Mauru: cock
(06:28 / Allies) made2kill: i got a army
(06:35 / Allies) Mauru: but still
(06:39 / Allies) Mauru: hh suck
(06:45 / Allies) made2kill: of head hunters
(07:44 / Allies) made2kill: should i attack?
(07:48 / Allies) Blahsmack: harass
(07:52 / Allies) Blahsmack: dont lose your army
(07:55 / Allies) Blahsmack: hit and run
(07:57 / Allies) made2kill: kk
(08:27 / Allies) Mauru: fuck
(08:44 / Allies) Blahsmack: some gold
(08:45 / Allies) Blahsmack: green
(08:46 / Allies) Blahsmack: please
(08:47 / Allies) Blahsmack: 100
(09:01 / Allies) made2kill: how about 5
(09:05 / Allies) Blahsmack: thanks
(10:06 / Allies) Blahsmack: grene
(10:07 / Allies) Mauru: with some
(10:08 / Allies) Blahsmack: siege is weakest
(10:42 / Allies) Mauru: green some gold plz
(10:51 / Allies) Blahsmack: b
(10:51 / Allies) Blahsmack: b
(10:54 / Allies) Blahsmack: gren get back
(10:56 / Allies) Blahsmack: ur units
(10:59 / Allies) Blahsmack: make them go to the shop
(11:50 / Allies) Blahsmack: fight ggeen
(12:53 / Allies) made2kill: build behind us
(12:57 / Allies) Blahsmack: yea
(14:02 / Allies) Blahsmack: green
(14:03 / Allies) Blahsmack: fight
(14:05 / Allies) Blahsmack: they siege
(14:14 / Allies) Blahsmack: green
(14:17 / Allies) made2kill: use my units
(14:22 / Allies) made2kill: i gave u rights
(15:11 / All) holass: gg
(15:24 / All) holass: nicly played